Cogmind - Beta 9.4 *** ADVENTURER MODE // 2020.01.14 @ 09:17:37 // Winter2019/RPGLIKE Player: Rev Result: Destroyed by 8O-FYB(l) with Ripper Performance ------------- Evolutions (3) 1500 Regions Visited (8) 1600 Robots Destroyed (128) 640 Value Destroyed (4224) 4224 Prototype IDs (10) 200 Alien Tech Used (0) 0 Bonus (298) 298 TOTAL SCORE: 8462 Bonus ------- High Alert Combat Kills 298 Cogmind --------- Core Integrity 0/750 Matter 1/300 Energy 340/340 System Corruption 4% Temperature Cool (0) Movement Rolling (100) Location -7/Lower Caves Parts ------- > --- POWER (2) -------- Reinforced Deuterium Engine Light Angular Momentum Engine > --- PROPULSION (4) --- Armored Huge Wheel Armored Huge Wheel > --- UTILITY (7) ------ Improved Sensor Array Advanced Signal Interpreter Makeshift Terrain Scanner Melee Analysis Suite Heart of Steel > --- WEAPON (2) ------- Greatsword > --- INVENTORY (6) ---- Cryofiber Web Microactuators Microactuators Improved ECM Suite Improved Medium Armor Plating Component Analysis Suite Peak State ------------ > --- POWER ------------ Reinforced Deuterium Engine Light Angular Momentum Engine > --- PROPULSION ------- Armored Huge Wheel Armored Huge Wheel > --- UTILITY ---------- Improved Sensor Array Advanced Signal Interpreter Makeshift Terrain Scanner Melee Analysis Suite Heart of Steel > --- WEAPON ----------- Greatsword > --- INVENTORY -------- Cryofiber Web Microactuators Microactuators Improved ECM Suite Improved Medium Armor Plating Component Analysis Suite [Rating: 71] Favorites ----------- Power Light Nuclear Core Engine Light Angular Momentum Engine Power Core Light Nuclear Core Propulsion Armored Huge Wheel Wheel Armored Huge Wheel Utility Improved Terrain Scanner Device Improved Terrain Scanner Storage High-capacity Matter Pod Processor Melee Analysis Suite Protection Improved Medium Armor Plating Weapon Assault Rifle Energy Gun Beam Rifle Energy Cannon Plasma Cannon Ballistic Gun Assault Rifle Impact Weapon Great Maul Slashing Weapon Greatsword Build | -11 -10 -10 -10 -9 -8 -7 -7 -7 ------- Run | Scr Mat Min Exi Min Mat Fac Low Low Slots Evolved 11 | 3 . 2 . 1 5 . . . Power 1 | . . . . . 1 . . . Propulsion 3 | 1 . . . . 2 . . . Utility 6 | 1 . 2 . 1 2 . . . Weapon 1 | 1 . . . . . . . . Parts Attached 63 | 5 6 6 . 5 25 11 4 1 Power 6 | 1 1 . . . 2 1 1 . Engine 4 | 1 . . . . 1 1 1 . Core 2 | . 1 . . . 1 . . . Reactor . | . . . . . . . . . Propulsion 10 | 2 . 3 . . 1 4 . . Treads . | . . . . . . . . . Leg . | . . . . . . . . . Wheel 10 | 2 . 3 . . 1 4 . . Hover . | . . . . . . . . . Flight . | . . . . . . . . . Utility 28 | . 4 3 . 2 11 4 3 1 Device 17 | . 2 2 . 1 6 2 3 1 Storage 3 | . 1 1 . . 1 . . . Processor 7 | . 1 . . 1 4 1 . . Hackware . | . . . . . . . . . Protection 1 | . . . . . . 1 . . Artifact . | . . . . . . . . . Weapon 19 | 2 1 . . 3 11 2 . . Energy Gun 5 | 1 . . . 1 3 . . . Energy Cannon 5 | . . . . 1 4 . . . Ballistic Gun 4 | 1 1 . . . 2 . . . Ballistic Cannon . | . . . . . . . . . Launcher . | . . . . . . . . . Special Weapon . | . . . . . . . . . Impact Weapon 1 | . . . . . 1 . . . Slashing Weapon 4 | . . . . 1 1 2 . . Piercing Weapon . | . . . . . . . . . Special Melee Weapon . | . . . . . . . . . Unidentified Prototypes 6 | . . . . . 6 . . . Parts Lost 1 | . . . . . 1 . . . Power . | . . . . . . . . . Propulsion . | . . . . . . . . . Utility . | . . . . . . . . . Weapon 1 | . . . . . 1 . . . Highest Loss Streak 1 | . . . . . 1 . . . Average Slot Usage (%) 86 | . 95 100 100 99 91 83 74 66 Engine 7 | . 4 . . . 3 11 13 13 Core 5 | . 9 11 11 10 8 . . . Wheel 17 | . 28 23 22 20 14 14 13 13 Device 25 | . 8 27 33 34 34 26 23 20 Storage 1 | . 11 . . . . . . . Processor 12 | . 3 11 11 15 14 13 13 13 Protection 1 | . . . . . . 5 3 . Energy Cannon 2 | . . . . 4 6 2 . . Ballistic Gun 6 | . 26 23 22 8 . . . . Slashing Weapon 4 | . . . . 4 6 6 6 6 Naked Turns . | . . . . . . . . . Heaviest Build 42 | 7 14 15 12 20 31 42 42 41 Greatest Support 56 | 26 26 26 20 20 22 56 56 56 Greatest Overweight (x) 1 | . . . . . 1 1 . . Average Overweight (x) . | . . . . . . . . . Largest Inventory Capacity 6 | 4 4 4 4 4 4 6 6 6 Average Capacity 4 | 4 4 4 4 4 4 5 6 6 Most Carried 6 | 4 2 3 1 4 4 6 6 6 Average Carried 3 | 3 . . 1 2 3 5 5 6 Final Capacity 6 | 4 4 4 4 4 4 6 6 6 Final Carried 6 | . 2 1 1 4 4 6 6 6 Class Distribution -------------------- 40% | Gladiator 27% | Scavenger-Assassin 18% | Mutant 12% | Scavenger-Skirmisher Dominant Class ---------------- Mutant | -10/Materials Mutant | -10/Mines Scavenger-Skirmisher | -10/Exiles Scavenger-Skirmisher | -9/Mines Scavenger-Assassin | -8/Materials Gladiator | -7/Factory Gladiator | -7/Lower Caves Gladiator | -7/Lower Caves Resources | -11 -10 -10 -10 -9 -8 -7 -7 -7 ----------- Run | Scr Mat Min Exi Min Mat Fac Low Low Matter Collected 2667 | 250 383 318 . 125 260 110 664 557 Remotely . | . . . . . . . . . Salvage Created 4773 | . 207 260 . 471 1693 1560 170 412 Parts 293 | . 38 13 . 17 115 84 9 17 Haulers Intercepted 7 | . 1 . . . 4 2 . . Recyclers Shooed 2 | . . 1 . . 1 . . . Parts Field Recycled . | . . . . . . . . . Retrieved Matter . | . . . . . . . . . Parts Self-Destructed 23 | . . . . . . . 8 15 Prevented . | . . . . . . . . . Kills | -11 -10 -10 -10 -9 -8 -7 -7 -7 ------- Run | Scr Mat Min Exi Min Mat Fac Low Low Combat Hostiles Destroyed 105 | . 11 10 . 11 35 25 4 9 Melee 61 | . . . . 3 24 21 4 9 Guns 28 | . 11 10 . 7 . . . . Cannons 15 | . . . . 1 11 3 . . Classes Destroyed 13 | . 5 . . . 4 2 1 1 Worker 1 | . . . . . 1 . . . Builder 3 | . 1 . . . 1 1 . . Hauler 7 | . 1 . . . 4 2 . . Recycler 1 | . . . . . . 1 . . Watcher 11 | . 3 . . . 5 3 . . Swarmer 33 | . 8 6 . 5 7 4 3 . Grunt 42 | . 3 4 . 6 16 11 . 2 Brawler 4 | . . . . . 1 1 . 2 Sentry 16 | . . . . . 10 5 . 1 Hunter 2 | . . . . . 1 1 . . Programmer 4 | . . . . . . 3 . 1 Behemoth 1 | . . . . . . . 1 . Thug 1 | . . . . . . . . 1 Butcher 2 | . . . . . . . . 2 Best Kill Streak 7 | . 5 4 . 4 3 7 3 3 Combat Bots Only 6 | . 5 4 . 4 3 6 3 3 Max Kills in Single Turn 2 | . 2 1 . 2 1 1 1 1 Gunslinging 1 | . 1 . . 1 . . . . Exploded . | . . . . . . . . . Melee 1 | . . . . 1 1 1 1 1 Uniques/NPCs Destroyed . | . . . . . . . . . Combat | -11 -10 -10 -10 -9 -8 -7 -7 -7 -------- Run | Scr Mat Min Exi Min Mat Fac Low Low Damage Taken 4844 | . 334 520 . 312 1185 1194 415 884 Core 3714 | . 267 433 . 249 954 808 280 723 Absorbed by Shields . | . . . . . . . . . Redirected to Core 2894 | . 192 269 . 193 691 733 256 560 Core Remaining (%) 84 | 100 . . . 59 94 . . . Volleys Fired 180 | . 39 25 . 22 74 20 . . Largest 2 | . 2 2 . 2 1 1 . . Hottest 80 | . 40 40 . 80 80 80 . . Shots Fired 258 | . 78 50 . 36 74 20 . . Gun 156 | . 78 50 . 28 . . . . Cannon 102 | . . . . 8 74 20 . . Launcher . | . . . . . . . . . Special . | . . . . . . . . . Kinetic 153 | . 78 50 . 25 . . . . Thermal 105 | . . . . 11 74 20 . . Explosive . | . . . . . . . . . Electromagnetic . | . . . . . . . . . Robot Hit Streak 26 | . 10 8 . 26 16 8 . . Robot Miss Streak 3 | . 2 2 . 1 3 1 . . Penetration Max . | . . . . . . . . . Secondary Targets 6 | . 2 3 . 1 . . . . Max Gunslinging Chain 1 | . 1 1 . 1 . . . . Shots Hit Robots 385 | . 51 35 . 37 130 78 15 39 Core Hits 159 | . 22 16 . 18 53 34 5 11 Critical Hits 5 | . . . . 2 2 . . 1 Critical Kills 3 | . . . . 1 1 . . 1 Critical Parts Destroyed 2 | . . . . 1 1 . . . Melee Attacks 201 | . . . . 7 76 64 15 39 Impact . | . . . . . . . . . Slashing 201 | . . . . 7 76 64 15 39 Piercing . | . . . . . . . . . Sneak Attacks 7 | . . . . . 2 4 . 1 Combat Hostiles 2 | . . . . . 1 . . 1 Follow-up Attacks . | . . . . . . . . . Damage Inflicted 12607 | . 714 410 . 643 4469 3878 778 1715 Guns 1299 | . 598 406 . 295 . . . . Cannons 2014 | . . . . 202 1450 362 . . Explosions 114 | . 114 . . . . . . . Melee 9174 | . . . . 146 3019 3516 778 1715 Ramming 6 | . 2 4 . . . . . . Kinetic 1270 | . 598 406 . 266 . . . . Thermal 2157 | . 114 . . 231 1450 362 . . Explosive . | . . . . . . . . . Electromagnetic . | . . . . . . . . . Impact . | . . . . . . . . . Slashing 9174 | . . . . 146 3019 3516 778 1715 Piercing . | . . . . . . . . . Highest Corruption 4 | . . . . . . 2 2 4 Average Corruption 2 | . . . . . . 1 2 3 Corruption Purged . | . . . . . . . . . Effects 23 | . . . . . . 2 11 10 Message Errors 14 | . . . . . . . 8 6 Matter Fused 2 | . . . . . . . . 2 Heat Flow Errors 1 | . . . . . . . 1 . Energy Discharges 1 | . . . . . . 1 . . Data Loss (minor) 3 | . . . . . . 1 1 1 Targeting Errors 2 | . . . . . . . 1 1 Overload Shots . | . . . . . . . . . Overflow Damage 937 | . . . . 11 330 383 5 208 Projectiles 20 | . . . . 11 9 . . . Explosions . | . . . . . . . . . Melee 917 | . . . . . 321 383 5 208 Knockbacks . | . . . . . . . . . Impact . | . . . . . . . . . Kinetic . | . . . . . . . . . Secondary . | . . . . . . . . . Self-Inflicted Damage 3 | . 1 2 . . . . . . Shots . | . . . . . . . . . Rammed 2 | . 1 1 . . . . . . Targets Rammed 2 | . 1 1 . . . . . . Kicked . | . . . . . . . . . Crushed . | . . . . . . . . . Highest Temperature 244 | . 2 11 . 244 18 18 77 . Average Temperature 42 | . 1 3 . 65 18 13 57 . Received Heat Transfer 1341 | . 102 135 . 168 477 381 24 54 Effects 2 | . . . . 2 . . . . Interference 2 | . . . . 2 . . . . Siege Activations . | . . . . . . . . . Robots Corrupted . | . . . . . . . . . Combat Hostiles . | . . . . . . . . . Parts Fried . | . . . . . . . . . Impact Corruptions . | . . . . . . . . . Robots Melted 1 | . . . . . . 1 . . Combat Hostiles 1 | . . . . . . 1 . . Parts Melted 12 | . . . . 1 8 3 . . Heat Transferred 4074 | . 50 . . 474 2850 700 . . Parts Sabotaged . | . . . . . . . . . Parts Stolen . | . . . . . . . . . Parts Stripped . | . . . . . . . . . Power Chain Reactions . | . . . . . . . . . Missiles Intercepted . | . . . . . . . . . Alert | -11 -10 -10 -10 -9 -8 -7 -7 -7 ------- Run | Scr Mat Min Exi Min Mat Fac Low Low Peak Influence 708 | . 191 147 . 175 708 511 . . Average Influence 221 | . 74 75 . 76 396 296 . . Maximum Alert Level 3 | . . . . . 3 2 . . Low Security (%) 55 | 100 100 100 . 100 18 18 . . Level 1 26 | . . . . . 27 65 . . Level 2 16 | . . . . . 47 15 . . Level 3 1 | . . . . . 5 . . . Level 4 . | . . . . . . . . . Level 5 . | . . . . . . . . . High Security . | . . . . . . . . . Max Security . | . . . . . . . . . Squads Dispatched 12 | . 1 . . 1 5 5 . . Investigation 4 | . 1 . . 1 2 . . . Extermination 2 | . . . . . . 2 . . Reinforcement 3 | . . . . . 1 2 . . Assault . | . . . . . . . . . Garrison 3 | . . . . . 2 1 . . Intercept . | . . . . . . . . . Construction Impeded . | . . . . . . . . . Haulers Reinforced 1 | . . . . . . 1 . . Stealth | -11 -10 -10 -10 -9 -8 -7 -7 -7 --------- Run | Scr Mat Min Exi Min Mat Fac Low Low Distress Signals 4 | . . 1 . . 2 1 . . Communications Jammed . | . . . . . . . . . Distress Signals . | . . . . . . . . . Times Spotted 178 | . 23 18 . 14 54 45 12 12 Peak Tracking Total 5 | . 5 5 . 4 5 5 4 4 Tactical Retreats 33 | . . 4 . 1 9 12 5 2 Traps | -11 -10 -10 -10 -9 -8 -7 -7 -7 ------- Run | Scr Mat Min Exi Min Mat Fac Low Low Traps Triggered 5 | . 1 . . . 1 3 . . Indirectly . | . . . . . . . . . Trap Hack Attempts . | . . . . . . . . . Triggered . | . . . . . . . . . Disarmed . | . . . . . . . . . Reprogrammed 7 | . 6 . . . . 1 . . Reused . | . . . . . . . . . Traps Extracted . | . . . . . . . . . Installed . | . . . . . . . . . Triggered . | . . . . . . . . . Machines | -11 -10 -10 -10 -9 -8 -7 -7 -7 ---------- Run | Scr Mat Min Exi Min Mat Fac Low Low Machines Disabled 7 | . 3 . . . 2 2 . . Max in Single Turn 3 | . 3 . . . 1 1 . . Garrison Access 2 | . . . . . 1 1 . . Machines Sabotaged . | . . . . . . . . . Garrisons Compromised . | . . . . . . . . . Overloaded Fab Kills . | . . . . . . . . . Fab Network Shutdowns . | . . . . . . . . . Hacking | -11 -10 -10 -10 -9 -8 -7 -7 -7 --------- Run | Scr Mat Min Exi Min Mat Fac Low Low Machines Accessed 17 | . 7 . . 1 3 4 2 . Terminals 11 | . 7 . . . 1 3 . . Fabricators . | . . . . . . . . . Repair Stations . | . . . . . . . . . Recycling Units . | . . . . . . . . . Scanalyzers 1 | . . . . . 1 . . . Garrison Access 2 | . . . . . 1 1 . . Total Hacks 26 | . 9 . . 1 7 7 2 . Successful 19 | . 8 . . 1 3 5 2 . Failed 7 | . 1 . . . 4 2 . . Catastrophic . | . . . . . . . . . Database Lockouts . | . . . . . . . . . Manual . | . . . . . . . . . Terminals 19 | . 9 . . . 4 6 . . Fabricators . | . . . . . . . . . Repair Stations . | . . . . . . . . . Recycling Units . | . . . . . . . . . Scanalyzers 2 | . . . . . 2 . . . Garrison Access 2 | . . . . . 1 1 . . Terminal Hacks 15 | . 8 . . 1 . 4 2 . Record 2 | . . . . . . 2 . . Prototype ID Bank 1 | . 1 . . . . . . . Open Door 3 | . . . . 1 . . 2 . Branch Access Points 1 | . 1 . . . . . . . Emergency Access Points 1 | . 1 . . . . . . . Unreport Threat 1 | . . . . . . 1 . . Reprogram Traps 2 | . 1 . . . . 1 . . Maintenance Status 2 | . 2 . . . . . . . Hauler Manifests 1 | . 1 . . . . . . . Zone Layout 1 | . 1 . . . . . . . Fabricator Hacks . | . . . . . . . . . Repair Station Hacks . | . . . . . . . . . Recycling Unit Hacks . | . . . . . . . . . Scanalyzer 2 | . . . . . 2 . . . Insert Component 1 | . . . . . 1 . . . Analyze 1 | . . . . . 1 . . . Garrison Access Hacks 2 | . . . . . 1 1 . . Seal Access 2 | . . . . . 1 1 . . Unauthorized Hacks . | . . . . . . . . . Terminals . | . . . . . . . . . Fabricators . | . . . . . . . . . Repair Stations . | . . . . . . . . . Recycling Units . | . . . . . . . . . Scanalyzers . | . . . . . . . . . Garrison Access . | . . . . . . . . . Data Cores Recovered . | . . . . . . . . . Used . | . . . . . . . . . Hacking Detections 7 | . 2 . . . 2 3 . . Full Trace Events 1 | . . . . . 1 . . . Feedback Events . | . . . . . . . . . Feedback Blocked . | . . . . . . . . . Robot Schematics Acquired . | . . . . . . . . . Robots Built . | . . . . . . . . . Matter . | . . . . . . . . . Time . | . . . . . . . . . Total Robot Build Rating . | . . . . . . . . . Part Schematics Acquired 1 | . . . . . 1 . . . Parts Built . | . . . . . . . . . Matter . | . . . . . . . . . Time . | . . . . . . . . . Total Part Build Rating . | . . . . . . . . . Parts Repaired . | . . . . . . . . . Time . | . . . . . . . . . Parts Recycled . | . . . . . . . . . Recycled Matter . | . . . . . . . . . Retrieved Matter . | . . . . . . . . . Retrieved Components . | . . . . . . . . . Parts Scanalyzed 1 | . . . . . 1 . . . Part Schematics Acquired 1 | . . . . . 1 . . . Parts Damaged . | . . . . . . . . . Bothacking | -11 -10 -10 -10 -9 -8 -7 -7 -7 ------------ Run | Scr Mat Min Exi Min Mat Fac Low Low Used RIF Installer . | . . . . . . . . . Robots Hacked . | . . . . . . . . . Non-combat . | . . . . . . . . . Combat . | . . . . . . . . . Robot Hacks Applied . | . . . . . . . . . Relay Couplers Released . | . . . . . . . . . Robots Rewired . | . . . . . . . . . Allies Hacked . | . . . . . . . . . Hacks Repelled . | . . . . . . . . . Allies | -11 -10 -10 -10 -9 -8 -7 -7 -7 -------- Run | Scr Mat Min Exi Min Mat Fac Low Low Total Allies 1 | . . 1 . . . . . . Largest Group 1 | . . 1 . . . . . . Highest-Rated Group 31 | . . 31 . . . . . . Highest-Rated Ally 31 | . . 31 . . . . . . Total Orders . | . . . . . . . . . Ally Attacks 1 | . . 1 . . . . . . Total Damage 22 | . . 22 . . . . . . Kills . | . . . . . . . . . Allies Corrupted . | . . . . . . . . . Allies Melted . | . . . . . . . . . Intel | -11 -10 -10 -10 -9 -8 -7 -7 -7 ------- Run | Scr Mat Min Exi Min Mat Fac Low Low Robot Analysis Total . | . . . . . . . . . Derelict Logs Recovered 5 | . . 1 . 1 . . 2 1 Drone Launches . | . . . . . . . . . Drone Recoveries . | . . . . . . . . . Exploration | -11 -10 -10 -10 -9 -8 -7 -7 -7 ------------- Run | Scr Mat Min Exi Min Mat Fac Low Low Turns Passed 8246 | 77 865 909 230 754 1485 1671 1327 928 Spaces Moved 6983 | 40 742 864 288 773 939 1373 1208 756 Core 14 | 14 . . . . . . . . Treads . | . . . . . . . . . Legs . | . . . . . . . . . Wheels 6969 | 26 742 864 288 773 939 1373 1208 756 Hover . | . . . . . . . . . Flight . | . . . . . . . . . Fastest Speed 50 | 50 90 80 80 80 80 90 100 100 Average Speed 93 | 79 90 88 80 80 93 98 100 100 Slowest Speed 100 | 100 90 90 80 80 95 100 100 100 Overloaded Moves . | . . . . . . . . . Propulsion Burnouts . | . . . . . . . . . Robots Hopped 1 | . . . . . . . 1 . Cave-ins Triggered . | . . . . . . . . . Exploration Rate (%) 76 | 4 99 98 73 98 90 42 97 90 Regions Visited 8 Branch Regions 5 Pre-discovered Areas 1 | . . 1 . . . . . . Known Exits Taken 7 | . 1 1 1 1 1 1 1 . Unknown Exits Taken 1 | 1 . . . . . . . . Scrap Searched 11 | . . 1 . 2 . . 4 4 Spaces Dug 4 | . . . . . 2 2 . . Terrain Destroyed 22 | . 6 . . . 14 2 . . Melee 2 | . . . . . . 2 . . Projectile 14 | . . . . . 14 . . . AOE 6 | . 6 . . . . . . . Actions | -11 -10 -10 -10 -9 -8 -7 -7 -7 --------- Run | Scr Mat Min Exi Min Mat Fac Low Low Total 8227 | 84 860 958 287 864 1398 1609 1316 851 Wait 559 | 36 48 50 . 37 193 89 73 33 Move 6973 | 39 741 863 287 772 938 1372 1205 756 Hop 1 | . . . . . . . 1 . Pick Up 31 | 4 4 1 . 8 3 5 6 . Fast Attach 28 | 1 2 . . . 16 8 1 . Attach 13 | 4 2 3 . 1 2 . 1 . Detach 1 | . . . . . 1 . . . Swap 23 | . 2 3 . 4 8 3 2 1 Drop 46 | . 2 2 . 3 17 12 9 1 Fire 180 | . 39 25 . 22 74 20 . . Melee 201 | . . . . 7 76 64 15 39 Ram 2 | . 1 1 . . . . . . Kick . | . . . . . . . . . Crush . | . . . . . . . . . Escape Stasis 7 | . . . . . . 7 . . Rewire . | . . . . . . . . . Trap . | . . . . . . . . . Miscellaneous 162 | . 19 10 . 10 70 29 3 21 Route ------- -11/Scrapyard -10/Materials (discovered 4 exits: *Mat x3 / *Min) -10/Mines (discovered 3 exits: *Mat x2 / *Exi) -10/Exiles -9/Mines (discovered 2 exits: *Mat x2) -8/Materials (discovered 3 exits: *Fac x3) -7/Factory (discovered 3 exits: *Fac / *Sto / *Low) -7/Lower Caves -7/Lower Caves (discovered 2 exits: *Fac / *Zio) History --------- Turn | Location | Event 1 | -11/Scrapyard | Upgraded with Propulsion slot (x1) 1 | -11/Scrapyard | Upgraded with Utility slot (x1) 1 | -11/Scrapyard | Upgraded with Weapon slot (x1) 61 | -11/Scrapyard | Discovered new exit (range 12) 78 | -11/Scrapyard | Entered Materials 270 | -10/Materials | Discovered new exit (range 15) 302 | -10/Materials | Identified exit to Mines 305 | -10/Materials | Build established: Mutant 497 | -10/Materials | Discovered new exit (range 10) 638 | -10/Materials | Discovered new exit (range 4) 726 | -10/Materials | Reached level 2 874 | -10/Materials | Discovered new exit (range 13) 884 | -10/Materials | Identified exit to Materials 943 | -10/Materials | Entered Mines 946 | -10/Mines | Upgraded with Utility slot (x1) 947 | -10/Mines | Discovered exit to Materials (range 12) 1002 | -10/Mines | Assembled infested the area 1172 | -10/Mines | Learned location of Zion (-7) 1318 | -10/Mines | Core integrity fell below 50% 1355 | -10/Mines | Escorted by a lone wolf Derelict 1404 | -10/Mines | Reached level 3 1412 | -10/Mines | Upgraded with Utility slot (x1) 1581 | -10/Mines | Deemed a non-threat by the Exiles lab entrance 1581 | -10/Mines | Discovered new exit (range 5) 1584 | -10/Mines | Identified exit to Exiles 1756 | -10/Mines | Discovered exit to Materials (range 2) 1798 | -10/Mines | Build established: Scavenger-Skirmisher 1852 | -10/Mines | Entered Exiles 1873 | -10/Exiles | Met 8R-AWN 1885 | -10/Exiles | Met EX-HEX 1915 | -10/Exiles | Met EX-BIN 1978 | -10/Exiles | Met EX-DEC 2007 | -10/Exiles | Visited The Gauntlet 2073 | -10/Exiles | Discovered new exit (range 12) 2081 | -10/Exiles | Identified exit to Mines 2082 | -10/Exiles | Entered Mines 2113 | -9/Mines | Reached level 4 2118 | -9/Mines | Upgraded with Utility slot (x1) 2141 | -9/Mines | Met a Derelict bent on vengeance 2297 | -9/Mines | Learned 2 Materials zone layouts 2504 | -9/Mines | Met a Derelict shopkeep closing up shop 2710 | -9/Mines | Discovered new exit (range 9) 2716 | -9/Mines | Identified exit to Materials 2812 | -9/Mines | Build established: Scavenger-Assassin 2831 | -9/Mines | Discovered exit to Materials (range 6) 2836 | -9/Mines | Entered Materials 2838 | -8/Materials | Reached level 5 2838 | -8/Materials | Reached level 6 2844 | -8/Materials | Upgraded with Utility slot (x2) 2947 | -8/Materials | Reached level 7 2949 | -8/Materials | Core integrity fell below 50% 3199 | -8/Materials | Upgraded with Power slot (x1) 3199 | -8/Materials | Upgraded with Propulsion slot (x1) 3386 | -8/Materials | Reached level 8 3600 | -8/Materials | Discovered new exit (range 14) 3612 | -8/Materials | Identified exit to Factory 3808 | -8/Materials | Reached level 9 3815 | -8/Materials | Upgraded with Propulsion slot (x1) 3825 | -8/Materials | Discovered exit to Factory (range 5) 3961 | -8/Materials | Garrison activated, responded to threat 4027 | -8/Materials | Discovered exit to Factory (range 13) 4177 | -8/Materials | Reached level 10 4321 | -8/Materials | Entered Factory 4323 | -7/Factory | Reached level 11 4587 | -7/Factory | Garrison activated, responded to threat 4916 | -7/Factory | Discovered new exit (range 7) 4952 | -7/Factory | Identified exit to Factory 4995 | -7/Factory | Reached level 12 5056 | -7/Factory | Discovered new exit (range 16) 5083 | -7/Factory | Identified exit to Storage 5233 | -7/Factory | Build established: Gladiator 5704 | -7/Factory | Reached level 13 5723 | -7/Factory | Core integrity fell below 50% 5919 | -7/Factory | Discovered new exit (range 14) 5986 | -7/Factory | Identified exit to Lower Caves 5992 | -7/Factory | Entered Lower Caves 6185 | -7/Lower Caves | Spotted B-75 Beast 6324 | -7/Lower Caves | Reached level 14 6324 | -7/Lower Caves | Destroyed B-75 Beast 6760 | -7/Lower Caves | Found Prototype Device 6762 | -7/Lower Caves | Identified Heart of Steel 6805 | -7/Lower Caves | Discovered new exit (range 8) 6823 | -7/Lower Caves | Identified exit to Lower Caves 6829 | -7/Lower Caves | Learned location of 1 exit from Factory 7319 | -7/Lower Caves | Entered another Lower Caves area 7324 | -7/Lower Caves | Discovered exit to Factory (range 13) 7459 | -7/Lower Caves | Attracted the attention of an 0b10 checkpoint 7487 | -7/Lower Caves | Core integrity fell below 20% 7642 | -7/Lower Caves | Learned location of 1 exit from Factory 8100 | -7/Lower Caves | Encountered a Warlord checkpoint 8123 | -7/Lower Caves | Discovered new exit (range 18) 8139 | -7/Lower Caves | Identified exit to Zion 8175 | -7/Lower Caves | Ambushed by wild Derelicts 8247 | -7/Lower Caves | Destroyed by 8O-FYB(l) with Ripper Last Messages --------------- Found Proton Missile Launcher. Acquired 21 matter. EXIT=FOUND EXIT=IDENTIFIED: ZION #G>2ARC2JT|UBBFEO SQXKYWH CR9YQE G2FK DA-6RK(g): "Hold it right there! What's your model number? Ha, who am I kidding, we need whatever spare parts you can give us." Destroyed Imp. Heat Sink. DA-6RK(g) suffers critical hit. DA-6RK(g) destroyed. Carbon-fiber Leg severed. Destroyed Carbon-fiber Leg. 0V-AGA(l) destroyed. TDUVYOMGDWIRS PJL:VS>3YHSDI System corrupted: Greatsword targeting data glitched. Destroyed Carbon-fiber Leg. Destroyed Imp. Deuterium Engine. Destroyed Carbon-fiber Leg. HQ-7B7(l) destroyed. Protomatter-55 decays. Map ----- +----------------------------------------------------+ | ?????????????????????????????????????????? | | ?????????????????????????????????????????? | | ?????????????????????????????????????????? | | ?????????????????????????????????????????? | | ?????????????????????????????????????????? | | ?????????????????????????????????????????? | | ?????????????????????????????????????????? | | ?????????????????#???????????????????????? | | ????????????###########?????????????????? | | ?????????################ ???????????????? | | ????????################## ???????????? ?? | | ??????#################### ????????? ? | | ?????###################### ##???????? | | ????############################????# | | ???#############################?#### | | ???#############################?#### " | | ??################################?## " | | ?#################################### #" | | ?###################$ ##" | | ?################### ## | | #################### ############## ## | | #################### ############### | | #################### #############?# | | #################### #################### | | #################### ################## | | ############# ##l@ ############### | | ############# #!#= ############### | | ############# ##% ######## | | ################ # ######## | | ############### ######### ## #### # # | | ################ ########## ## ### # | | ?################ #### > | | ?################# #### ##### ## # | | ?################# ##### ##### ## # ##### | | ?################# ##### ##### ### ###### | | ?################# ##### ##### ########## | | ?#?############### ### ######### | | ?#?##################### # # ####?### | | ???###################### # ####### | | ?????##################### # ### ###### | | ????##?############################?####?# | | ??????##?################################# | | ???##??##?################################ | | ?????#??################################## | | ?????##?##?#?############################# | | ?????????#####?########################### | | ?????????#?#????############?#######?##### | | ???????###?#?############################# | | ?????????###?##?#####?#############???###? | | ??????????##??#######?########?##???????## | +----------------------------------------------------+ Best States ------------- Heat Dissipation 69 Energy Generation 29 Energy Capacity 340 Matter Stores 500 Matter Capacity 500 Sight Range 20 Robot Scan Range 13 Terrain Scan Range 18 Terrain Scan Density 1010 ECM Strength 2 Base Temperature (-) 100 Armor Coverage 225 Resistance: KI 35 Resistance: TH 35 Resistance: EX 30 Resistance: EM 20 Resistance: I 20 Resistance: S 20 Resistance: P 20 Melee Speed Boost 40 Evasion (%) 50 Melee Accuracy 5 Salvage Targeting 1 Offensive Hacking 10 Item Schematics ----------------- Plasma Cannon | -8/Materials | Scanalyzed Robot Schematics ------------------ None Fabricated ------------ Nothing Alien Tech Used ----------------- None Achievements -------------- None Challenges ------------ None RPGLIKE | -11 -10 -10 -10 -9 -8 -7 -7 -7 --------- Run | Scr Mat Min Exi Min Mat Fac Low Low Levels Raised 13 | . 1 1 . 1 6 3 1 . XP Earned 24699 | 4000 1675 1710 200 2051 8229 5109 892 833 XP Spent 23455 | 4000 . 1900 . 1400 10175 4330 1650 . Upgrades 48 | 7 . 2 . 1 26 8 4 . Power Slot 1 | . . . . . 1 . . . Propulsion Slot 3 | 1 . . . . 2 . . . Utility Slot 6 | 1 . 2 . 1 2 . . . Weapon Slot 1 | 1 . . . . . . . . Core Integrity 3 | . . . . . 3 . . . Heat Dissipation 5 | . . . . . 5 . . . Inventory Capacity 6 | 4 . . . . . 2 . . Terrain Scan Density 10 | . . . . . 8 2 . . Melee Accuracy 5 | . . . . . 5 . . . KI Resistance % 3 | . . . . . . 2 1 . TH Resistance % 3 | . . . . . . 1 2 . EX Resistance % 2 | . . . . . . 1 1 . Protomatter Created 1454 | . 197 73 . 33 630 287 17 217 Integrity Restored 3434 | . 321 219 . 219 1497 641 51 486 Core 2944 | . 267 219 . 219 1158 544 51 486 Parts 490 | . 54 . . . 339 97 . . Protomatter Decayed 316 | . 60 7 . . 124 70 . 55 Game ------ Seed SwarmMolecularLance Manual? 0 Play Time 01:32:38 Cumulative 81.6 hours Start 2020.01.14 @ 07:40:58 End 2020.01.14 @ 09:17:37 Sessions 1 Manual Loads 0 Difficulty Adventurer Special Mode Winter2019/RPGLIKE Game No. 33 Rogue 12 Adventurer 21 Explorer 0 Win Type - Total 1 Types 1/0/0/0/0/0/0 Lore% 44 Gallery% 45 Achievement% 46 Wizard Run 0 Options --------- ASCII 0 Keyboard 0 Movement Mouse Keybinds 0 Fullscreen 1 Font 18/SmallcapsGlow Map View 76x50 Tactical HUD 0 Map Filters NONE Filters NONE Steam 1 RUN: d3178a70-6d07-40aa-99cf-99a6c5b64ea6